Map: Deathaura LE

Players

PtitDrogo - Winner!

  • Race: Protoss Protoss
  • League: Master
  • Spawn Location: 5:00

HeroMarine

  • Race: Terran Terran
  • League: Master
  • Spawn Location: 11:00

Event: DreamHack SC2 Masters 2020 Summer Europe

VOD

Have the link to the VOD?

Description

Time

  • Played on: July 10, 2020, 11:06 a.m.
  • Length: 10:31

All games in this series

Show
View Real Time Build Order
Export as new Build Order

PtitDrogo Protoss - Winner!

Build Orders: 1 Gate Expand, Blink Stalkers, Zealot Archon, Colossus Rush 

Get SALT Encoding   

  12  0:00  Probe  
  13  0:12  Probe  
  14  0:16  Pylon  
  14  0:25  Probe  
  15  0:33  Probe  
  15  0:35  Gateway  
  15  0:41  Probe  
  16  0:46  Assimilator  
  17  0:51  Probe  
  18  1:03  Probe  
  19  1:15  Probe  
  20  1:22  Cybernetics Core  
  20  1:32  Nexus  
  20  1:37  Pylon  
  20  1:40  Probe  
  20  1:46  Assimilator  
  21  1:48  Adept  
  21  1:52  Probe  
  24  2:03  Shield Battery  
  24  2:05  Probe  
  24  2:07  Warp Gate  
  24  2:08  Stalker  
  25  2:21  Probe  
  28  2:32  Twilight Council  
  28  2:41  Probe  
  29  2:44  Probe  
  30  2:52  Probe  
  30  2:53  Robotics Facility, Probe  
  32  3:02  Probe  
  34  3:05  Probe  
  34  3:09  Blink  
  34  3:11  Probe  
  34  3:17  Probe  
  34  3:19  Probe  
  36  3:21  Gateway  
  37  3:28  Probe  
  37  3:29  Probe  
  37  3:30  Gateway  
  39  3:36  Pylon  
  39  3:38  Observer  
  39  3:41  Probe  
  40  3:42  Probe  
  42  3:53  Assimilator, Observer, Probe  
  42  3:54  Probe  
  42  3:55  Stalker, Assimilator  
  47  4:05  Probe  
  47  4:06  Probe  
  47  4:08  Pylon  
  49  4:10  Pylon  
  49  4:15  Stalker  
  51  4:17  Probe  
  51  4:18  Probe  
  53  4:26  Stalker x2, Pylon  
  53  4:29  Probe  
  58  4:34  Probe  
  59  4:39  Stalker  
  61  4:48  Probe  
  61  4:50  Nexus  
  61  4:54  Pylon  
  61  4:57  Robotics Bay  
  61  5:03  Forge  
  61  5:04  Probe x2  
  63  5:15  Sentry x2  
  63  5:16  Probe x2  
  63  5:17  Charge  
  69  5:25  Gateway x2  
  69  5:30  Gateway  
  69  5:32  Probe x2  
  69  5:34  Colossus  
  71  5:44  Probe  
  71  5:45  Shield Battery  
  78  5:52  Sentry  
  78  5:54  Shield Battery  
  78  5:55  Probe  
  78  5:56  Probe  
  82  5:59  Protoss Ground Weapons Level 1  
  82  6:06  Stalker x2  
  86  6:18  Colossus  
  86  6:22  Probe  
  86  6:25  Probe  
  86  6:26  Probe  
  94  6:32  Zealot  
  94  6:33  Zealot x2  
  94  6:34  Probe  
  94  6:36  Pylon  
  101  6:44  Extended Thermal Lance  
  101  6:48  Pylon  
  101  6:54  Probe x3  
  101  6:57  Assimilator  
  101  6:58  Templar Archives  
  101  7:00  Assimilator  
  104  7:02  Colossus  
  104  7:07  Probe x3  
  105  7:12  Gateway  
  105  7:13  Gateway  
  111  7:16  Pylon  
  111  7:18  Pylon  
  111  7:28  Pylon  
  111  7:30  Pylon  
  111  7:32  Pylon  
  111  7:39  High Templar x2, Zealot x4  
  123  7:47  Gateway  
  123  7:48  Warp Prism  
  123  7:49  Pylon  
  123  7:51  Archon  
  123  7:56  Protoss Ground Armor Level 1, Pylon  
  123  7:58  Pylon  
  125  8:05  Stalker x4  
  133  8:07  Zealot x2  
  137  8:13  Zealot x2  
  141  8:23  Pylon  
  141  8:29  Zealot  
  141  8:30  Zealot x5  
  152  8:43  High Templar x2  
  152  8:47  Archon  
  156  8:51  High Templar x2  
  156  8:52  High Templar  
  156  8:53  High Templar, Zealot  
  156  8:54  Zealot x2  
  156  8:55  Archon  
  170  8:56  Archon  
  170  9:11  Pylon  
Show
View Real Time Build Order
Export as new Build Order

HeroMarine Terran 

Build Orders: Reaper Expand 

Get SALT Encoding   

  12  0:00  SCV  
  13  0:13  SCV  
  14  0:17  Supply Depot  
  14  0:25  SCV  
  15  0:39  SCV  
  15  0:40  Barracks  
  16  0:45  Refinery  
  16  0:51  SCV  
  17  1:03  SCV  
  18  1:15  SCV  
  19  1:27  Orbital Command  
  19  1:29  Reaper  
  20  1:41  Command Center  
  20  1:53  Supply Depot, SCV  
  21  1:58  Refinery  
  21  2:01  Barracks Reactor  
  21  2:05  SCV  
  22  2:17  SCV  
  22  2:22  Bunker  
  23  2:24  Factory  
  23  2:29  SCV  
  24  2:38  Marine x2  
  24  2:41  SCV  
  27  2:53  SCV  
  27  2:55  Marine  
  27  2:56  Marine  
  30  3:03  Orbital Command  
  30  3:05  SCV  
  30  3:09  Factory Tech Lab  
  30  3:10  Starport  
  31  3:15  Marine x2  
  31  3:17  SCV  
  34  3:30  SCV x2  
  34  3:32  Marine, Barracks  
  34  3:33  Marine  
  38  3:35  Factory Tech Lab  
  38  3:42  SCV  
  38  3:43  SCV  
  38  3:44  Supply Depot  
  40  3:49  Barracks  
  40  3:50  Marine x2  
  40  3:54  Raven  
  44  3:57  SCV  
  44  3:58  SCV  
  46  4:09  Marine x2, SCV  
  48  4:10  Supply Depot, SCV  
  48  4:15  Factory Reactor  
  50  4:21  SCV  
  50  4:22  SCV  
  50  4:23  Supply Depot  
  52  4:27  Marine x2  
  52  4:29  Stimpack  
  54  4:32  Marauder  
  54  4:33  SCV  
  54  4:34  SCV  
  58  4:43  Marine  
  58  4:45  Marine, SCV  
  61  4:46  SCV  
  61  4:48  Marine, Medivac  
  61  4:52  Supply Depot  
  65  4:53  Combat Shield, Supply Depot  
  65  4:54  Marauder  
  67  5:02  Marauder  
  69  5:07  Marine  
  69  5:08  Widow Mine x2  
  73  5:16  Marauder  
  73  5:19  Command Center  
  75  5:25  Marauder  
  75  5:26  Marine x2  
  80  5:28  SCV x2  
  80  5:30  Supply Depot  
  80  5:31  Widow Mine x2  
  83  5:36  Medivac  
  83  5:37  Marauder  
  83  5:41  SCV x2  
  87  5:45  Marine x2  
  87  5:46  Refinery x2, Marine  
  90  5:53  SCV x2  
  92  5:58  Engineering Bay x2  
  92  6:00  Marine  
  92  6:03  Marine x2  
  91  6:04  Marine  
  91  6:05  SCV  
  91  6:07  SCV  
  94  6:12  Factory Tech Lab  
  94  6:17  SCV  
  95  6:18  Marauder  
  95  6:19  SCV  
  95  6:21  Marine x2  
  95  6:23  Marauder  
  96  6:28  Medivac x2  
  96  6:29  SCV  
  96  6:31  SCV  
  102  6:40  Siege Tank  
  102  6:41  SCV  
  102  6:43  Marine x2, SCV  
  109  6:47  Barracks  
  109  6:48  Barracks  
  109  6:53  SCV  
  110  6:54  Terran Infantry Weapons Level 1  
  110  6:55  SCV  
  110  6:58  Marine x2  
  110  7:00  Terran Infantry Armor Level 1  
  113  7:05  SCV  
  113  7:07  Medivac  
  113  7:08  SCV  
  111  7:12  Orbital Command  
  111  7:15  Medivac  
  111  7:17  SCV  
  111  7:20  SCV  
  111  7:21  Refinery  
  115  7:25  Refinery  
  115  7:29  Marauder  
  117  7:35  Supply Depot x2  
  117  7:38  Barracks Reactor, Barracks Tech Lab  
  117  7:40  Marine x2  
  117  7:41  Marauder, SCV  
  122  7:45  Factory Reactor  
  122  7:47  Starport  
  122  7:49  SCV  
  125  7:52  Supply Depot  
  125  7:56  SCV x2  
  125  7:57  Supply Depot x2  
  118  8:01  SCV  
  118  8:04  Medivac x2  
  113  8:06  Marauder x3  
  113  8:07  Marine  
  113  8:08  Marine, SCV x2  
  120  8:13  SCV  
  120  8:16  Supply Depot, Armory  
  121  8:21  Command Center, SCV  
  122  8:29  Marauder  
  122  8:30  Marauder  
  122  8:33  Marauder  
  126  8:34  Viking x2  
  126  8:37  Viking  
  126  8:41  Viking  
  131  8:50  Barracks  
  131  8:54  Marine x2  
  131  8:55  Marine x2, Barracks x2  
  135  8:58  Missile Turret  
  135  9:03  Ghost Academy  
Tags
 
Add a new tag
Caveats
  • Supply blocks, unpowered buildings, or Contaminate may cause inaccurate times.
  • Supply counts are checked every 10 seconds.